[Event "*** Titled Tuesday Blitz"]
[Site "Chess.com"]
[Date "2021.04.06"]
[Round "8"]
[White "Alex-11211"]
[Black "OlifantCZ"]
[Result "1-0"]
[WhiteElo "2415"]
[BlackElo "2290"]
[TimeControl "180+1"]
[EndTime "11:29:49 PDT"]
[Termination "Alex-11211 won on time"]

1. e4 e6 2. Nc3 d5 3. Nf3 d4 4. Ne2 c5 5. c3 Nc6 6. cxd4 cxd4 7. Qa4 Bc5 8. b4 Bb6 9. b5 Nce7 10. Nexd4 Nf6 11. e5 Ne4 12. Be2 Ng6 13.
Bb2 O-O 14. O-O Nf4 15. Rfe1 Nc5 16. Qc2 Nxe2+ 17. Rxe2 Bd7 18. h4 h6 19. Qc3 Na4 20.
Qb4 Nxb2 21. Qxb2 Rc8 22. a4 Ba5 23. Nb3 Bb4 24. Qd4 Qe7 25. Re4 Bc5 26. Nxc5 Rxc5 27. Rg4 Rfc8 28. Qf4 Kh8 29. d4 Rc2 30. Qg3 g6 31. h5 g5 32. Ne1 Rd2 33. f4 Rg8 34. Nf3 Rd3 35. fxg5 hxg5 36. Rf1 a6 37. Qe1 axb5 38.
Qe4 Ra3 39. axb5 Bxb5 40. Rf2 Bc6 41. Qb1 Ra4 42. Qd3 Ra1+ 43. Kh2 Ra4 44. Qe3 Qd7 45.
Rxg5 1-0

[Event "*** Titled Tuesday Blitz"]
[Site "Chess.com"]
[Date "2021.04.06"]
[Round "8"]
[White "KroshkaKami"]
[Black "LenkaPtacnikova"]
[Result "0-1"]
[WhiteElo "2335"]
[BlackElo "2195"]
[TimeControl "180+1"]
[EndTime "11:29:49 PDT"]
[Termination "LenkaPtacnikova won on time"]

1. e4 c5 2. Nf3 e6 3. d4 cxd4 4. Nxd4 Nf6 5. Nc3 Nc6 6. Ndb5 Bb4 7. a3 Bxc3+ 8. Nxc3 d5 9. Bb5 Nxe4 10. Nxe4 dxe4 11.
Qxd8+ Kxd8 12. Be3 Kc7 13. O-O-O f6 14. Rhe1 Bd7 15.
Bc5 Ne5 16. Bd6+ Kb6 17. Bxd7 Nxd7 18. Rxe4 e5 19. Rb4+ Kc6 20. Be7 Nb6 21. Rg4 Rhg8 22. Rd6+ Kc7 23. Rd3 Rae8 24. Bd6+ Kc6 25. a4 g6 26. a5 e4 27. Rc3+ Kxd6 28. axb6 axb6 29. Rb3 Kc6 30. Rgg3 Re6 31. Rgc3+ Kd7 32. Rb4 Rge8 33. Rcb3 Kc7 34. Rc3+ Kb8 35. Rcb3 e3 36. fxe3 Rxe3 37. Rxe3 Rxe3 38. Kd2 Re6 39. Rh4 Re7 40. Rf4 f5 41. Rb4 Kc7 42. Rc4+ Kd6 43. Rd4+ Kc5 44. Rd8 b5 45.
Rc8+ Kd5 46. Rd8+ Ke4 47. Rd3 Rc7 48. Re3+ Kd4 49. Rd3+ Ke4 50. Re3+ Kd5 51. Rd3+ Ke5 52. Re3+ Kf6 53. Rb3 Rc5 54. Kd3 Ke5 55. Kd2 Rd5+ 56.
Ke2 Kd6 57. Re3 Re5 0-1

[Event "*** Titled Tuesday Blitz"]
[Site "Chess.com"]
[Date "2021.04.06"]
[Round "8"]
[White "AldokhinIvan"]
[Black "CSB7"]
[Result "0-1"]
[WhiteElo "2529"]
[BlackElo "2694"]
[TimeControl "180+1"]
[EndTime "11:29:50 PDT"]
[Termination "CSB7 won by resignation"]

1. e4 e6 2. d4 d5 3. Nc3 Nf6 4. e5 Nfd7 5. f4 c5 6. Nf3 Nc6 7. Be3 Be7 8. Qd2 O-O 9. g3 a6 10. Bg2 b5 11. O-O b4 12. Nd1 a5 13. f5 exf5 14.
c3 Nb6 15. b3 c4 16. Nh4 g6 17. Bh6 Re8 18. Ne3 bxc3 19. Qxc3 Bb4 20. Qb2 c3 21.
Qf2 Nxd4 22. Rad1 Bc5 23. Kh1 Be6 24. a3 Nxb3 25. Qf4 Bxe3 26. Qxe3 d4 27. Qf4 Nd5 28. Qf2 Rc8 29. Nf3 c2 30. Rc1 Nxc1 31. Bxc1 d3 32. Ng5 Nc3 33. g4 Ne2 34. Qh4 h5 35. gxh5 Qe7 36. h6 Nxc1 37. h7+ Kh8 38. Qh6 Qf8 39. Qh4 Qg7 40. Nf3 Nb3 41. Nd4 Nxd4 42. Qxd4 c1=Q 0-1

[Event "*** Titled Tuesday Blitz"]
[Site "Chess.com"]
[Date "2021.04.06"]
[Round "8"]
[White "Nf3c5"]
[Black "alexrustemov"]
[Result "1-0"]
[WhiteElo "2557"]
[BlackElo "2653"]
[TimeControl "180+1"]
[EndTime "11:29:51 PDT"]
[Termination "Nf3c5 won on time"]

1. e4 e6 2. Qe2 c5 3. Nf3 Nc6 4.
g3 g6 5. Bg2 Bg7 6. O-O Nge7 7.
c3 O-O 8. h4 d6 9. Rd1 e5 10.
h5 Bg4 11. hxg6 hxg6 12. d3 Qd7 13. Nbd2 d5 14. exd5 Nxd5 15. Re1 f5 16. Nc4 Rae8 17. Qc2 f4 18. Ng5 f3 19. Bh1 Rf5 20. Qb3 Kh8 21.
Re4 Rff8 22. Ne3 Nxe3 23. Bxe3 b6 24. Qa4 Bh5 25. Rh4 Bf6 26. Re1 Bxg5 27. Bxg5 Kg7 28. g4 b5 29. Qe4 Nd4 30. cxd4 exd4 31. Qe7+ Rxe7 32. Rxe7+ Qxe7 33. Bxe7 Re8 34. gxh5 Rxe7 35. h6+ Kh7 36. Bxf3 c4 37. Rxd4 cxd3 38. Rxd3 Kxh6 39.
Rb3 a6 40. a4 Re5 41. axb5 axb5 42. Kf1 Kg5 43. Be2 Kf4 44. Rxb5 Re7 45. b4 g5 46. Rb8 Rc7 47. b5 Rc1+ 48. Kg2 Rc2 49. Bd3 Rd2 50. Bf1 g4 51. b6 g3 52. Rf8+ Kg4 53. b7 1-0

[Event "*** Titled Tuesday Blitz"]
[Site "Chess.com"]
[Date "2021.04.06"]
[Round "8"]
[White "Xeniya2005"]
[Black "WPWPWP-2015"]
[Result "1-0"]
[WhiteElo "2334"]
[BlackElo "2427"]
[TimeControl "180+1"]
[EndTime "11:29:52 PDT"]
[Termination "Xeniya2005 won on time"]

1. e4 c5 2. Nf3 d6 3. Bb5+ Nd7 4.
Ba4 a6 5. c4 Nf6 6. O-O e5 7. d3 Be7 8. Re1 O-O 9. Nbd2 Rb8 10.
Bb3 b5 11. Nf1 bxc4 12. dxc4 Rb7 13. Qd3 Nb8 14. Ba4 Qa5 15. b3 Bg4 16. Bd2 Qc7 17.
h3 Bh5 18. Ng3 Bg6 19. Nh4 Nc6 20. Bxc6 Qxc6 21. Nhf5 Bd8 22. Rad1 Rd7 23. Qf3 Ne8 24. h4 Nc7 25. h5 Bxf5 26. Nxf5 Ne6 27. Qg4 Bf6 28. Bh6 Kh8 29. Be3 g6 30. hxg6 fxg6 31. Nh6 Nd4 32. Rd3 Bg7 33. Qh3 Qc8 34. Bg5 Rc7 35. Qh4 Qe8 36. Rh3 Bxh6 37. Bxh6 Rff7 38. Bg5 Qe6 39. f3 Kg8 40. Kf2 Rf8 41. Reh1 Rcf7 42. Ke3 Re8 43. Qg3 a5 44. Rh6 Rg7 45. Qh4 a4 46.
Rxh7 1-0

[Event "*** Titled Tuesday Blitz"]
[Site "Chess.com"]
[Date "2021.04.06"]
[Round "8"]
[White "federicosellitti"]
[Black "Durarbayli"]
[Result "1-0"]
[WhiteElo "2608"]
[BlackElo "2729"]
[TimeControl "180+1"]
[EndTime "11:29:54 PDT"]
[Termination "federicosellitti won on time"]

1. e4 e5 2. Nc3 Nf6 3. f4 d5 4. fxe5 Nxe4 5. Qf3 Nxc3 6. dxc3 Be6 7. Qg3 c6 8. Nf3 Nd7 9. Be3 Qc7 10. O-O-O O-O-O 11. Bd3 Bc5 12. Bf4 h6 13. h4 Be7 14. h5 c5 15. Nh4 c4 16. Nf5 Bf8 17.
Nd6+ Bxd6 18. exd6 Qa5 19. Be2 Qxa2 20. Kd2 Nc5 21.
Bf3 Qxb2 22. Rhe1 Rhe8 23. Ke2 Qxc2+ 24. Kf1 Qxc3 25. Rxd5 Nd3 26. Rc5+ Nxc5 27. Bxb7+ Kxb7 28. Qxc3 Nd3 29. Rb1+ Kc6 30. Qa5 Rb8 31. Rxb8 Rxb8 32. Qc7+ Kd5 33. Qxb8 Nxf4 34. d7 Bxd7 35. Qxf4 Be6 36.
Ke1 a5 37. Kd2 a4 38. Kc3 a3 39. Qd4+ Kc6 40. Qa7 Kd5 41. Qxa3 Ke5 42. Qc5+ Kf6 43.
g3 g6 44. hxg6 fxg6 45. Qd4+ Kf7 46. Qf4+ Kg7 47. Qe5+ Kf7 48. Kd4 h5 49. Kc5 1-0

[Event "*** Titled Tuesday Blitz"]
[Site "Chess.com"]
[Date "2021.04.06"]
[Round "8"]
[White "Volodar_Murzin"]
[Black "ChessAurochs"]
[Result "0-1"]
[WhiteElo "2728"]
[BlackElo "2536"]
[TimeControl "180+1"]
[EndTime "11:29:54 PDT"]
[Termination "ChessAurochs won on time"]

1. e4 e5 2. Nf3 Nc6 3. Bb5 a6 4. Ba4 Nf6 5. O-O b5 6. Bb3 Bb7 7. d3 Be7 8. a3 O-O 9. Nc3 d6 10. Bg5 Qd7 11. Ba2 Rfe8 12. Kh1 Nd8 13. b4 Ne6 14.
Bd2 Bf8 15. a4 bxa4 16. Nxa4 Nd4 17. Nxd4 exd4 18. Bg5 Ng4 19. h3 Ne5 20. Nb2 d5 21. f3 Bxb4 22. Rb1 a5 23. Qc1 c5 24. Nd1 c4 25. Nf2 Rac8 26. Qd1 Qa4 27. Rb2 Bc3 28. Rxb7 Qxa2 29. f4 cxd3 30. cxd3 Nc6 31. f5 Nb4 32. f6 g6 33. Ng4 dxe4 34. Nh6+ Kf8 35. Nxf7 Qxf7 36.
Rxf7+ Kxf7 37. Qb3+ Re6 38. dxe4 d3 39. e5 Bxe5 40.
Re1 Rc5 41. Be3 Rd5 42. Bd2 Bd6 43. Rf1 Rf5 44. Re1 Re5 45. Bxb4 axb4 46. Rxe5 Bxe5 47. Qxd3 Bc3 48. Qd7+ Kxf6 49. Qd8+ Kf7 50. Qb8 Re1+ 51. Kh2 Be5+ 0-1

[Event "*** Titled Tuesday Blitz"]
[Site "Chess.com"]
[Date "2021.04.06"]
[Round "8"]
[White "dosto07"]
[Black "SargissyanSargis"]
[Result "0-1"]
[WhiteElo "2255"]
[BlackElo "2381"]
[TimeControl "180+1"]
[EndTime "11:29:54 PDT"]
[Termination "SargissyanSargis won on time"]

1. e4 c5 2. Nf3 d6 3. Bb5+ Nd7 4.
d4 cxd4 5. Qxd4 a6 6. Bxd7+ Bxd7 7. Nc3 e5 8. Qd3 h6 9. a4 Nf6 10. O-O Be7 11. Be3 O-O 12. a5 Be6 13. Rfd1 Qc7 14.
Bb6 Qc6 15. Nd5 Bxd5 16. exd5 Qc8 17. Nd2 Nd7 18. c4 Nxb6 19. axb6 f5 20. b4 e4 21. Qe2 Bf6 22. Rac1 a5 23. c5 axb4 24. c6 Bc3 25. Nc4 Rf6 26. c7 Ra6 27. Qe3 Qe8 28. Rxc3 bxc3 29. Qxc3 Qc8 30. h3 Ra8 31. Qb4 Qd7 32.
Rc1 h5 33. Qc3 h4 34. Nxd6 Rxd6 35. c8=Q+ Rxc8 36. Qxc8+ Qxc8 37. Rxc8+ Kh7 38. Rc7 Rxd5 39. Rxb7 Rb5 40. Kh2 Rb2 41. Rb8 Rxf2 42. b7 Rb2 43. Kg1 Kg6 44. Kf1 Kg5 45. Ke1 Kf4 46. Kd1 g5 47.
Kc1 Rb6 48. Kc2 e3 49. Kd3 Rd6+ 50. Ke2 Rd2+ 51. Ke1 Rb2 52. Kf1 Kg3 0-1

[Event "*** Titled Tuesday Blitz"]
[Site "Chess.com"]
[Date "2021.04.06"]
[Round "8"]
[White "bushrashuaibi"]
[Black "Kale36"]
[Result "1/2-1/2"]
[WhiteElo "2244"]
[BlackElo "2389"]
[TimeControl "180+1"]
[EndTime "11:29:54 PDT"]
[Termination "Game drawn by repetition"]

1. d4 d5 2. Nf3 Nc6 3. c4 Bg4 4. cxd5 Bxf3 5. gxf3 Qxd5 6. e3 e5 7. dxe5 Qxd1+ 8. Kxd1 Nxe5 9. Ke2 f5 10. f4 Nd7 11.
Bg2 O-O-O 12. Bd2 Be7 13. Nc3 c6 14. Rhc1 Kb8 15. Rab1 Bf6 16. b4 Nb6 17. b5 Ne7 18.
bxc6 Nxc6 19. Nb5 Rhe8 20. Rc2 Nd4+ 21. Nxd4 Rxd4 22. Ba5 Rd6 23. Bxb6 Rxb6 24. Rxb6 axb6 25. Rc4 Rd8 26. Rb4 Rd6 27. Rb5 g6 28. Rd5 Be7 29. Rxd6 Bxd6 30. Bd5 h6 31. Bf7 g5 32. fxg5 hxg5 33. Bg6 Bxh2 34. Bxf5 Kc7 35. Kf3 Be5 36. Kg4 Bf6 37. f3 Kd6 38. Kh5 Ke5 39. Be4 Be7 40. Bxb7 b5 41. Kg4 b4 42. f4+ gxf4 43. exf4+ Kf6 44. Bd5 Bc5 45. Bb3 Bd4 46. Kf3 Bc3 47. Ke4 Be1 48. Kf3 Bd2 49. Ke4 Bc3 50. Bc4 Bd2 51.
Bb3 Bc3 52. Kd5 Bd2 53. Ke4 1/2-1/2

[Event "*** Titled Tuesday Blitz"]
[Site "Chess.com"]
[Date "2021.04.06"]
[Round "8"]
[White "DrCeltic"]
[Black "ri4mi"]
[Result "1-0"]
[WhiteElo "2470"]
[BlackElo "2345"]
[TimeControl "180+1"]
[EndTime "11:29:56 PDT"]
[Termination "DrCeltic won by resignation"]

1. e4 Nf6 2. e5 Nd5 3. c4 Nb6 4. c5 Nd5 5. d4 e6 6. Nf3 d6 7. cxd6 cxd6 8. Bc4 Nc6 9. O-O dxe5 10. dxe5 Be7 11. Qe2 O-O 12. Rd1 Qc7 13. Bxd5 exd5 14. Nc3 Be6 15. Bf4 Rad8 16. Nb5 Qb6 17. Be3 Qa5 18.
Nbd4 Bg4 19. h3 Bh5 20. g4 Bg6 21. Nf5 Rfe8 22. a3 Qc7 23. Bf4 f6 24. exf6 Qxf4 25. fxe7 Ra8 26. N3d4 Bxf5 27. Nxf5 Ne5 28. Rxd5 Nf3+ 29.
Kg2 Ng5 30. Nd6 Rxe7 31. Qxe7 Qf3+ 32. Kf1 Qxd5 33. Re1 Qh1+ 34. Ke2 Qf3+ 35. Kd2 Rf8 36. Nf5 Qxf2+ 37. Re2 Nf3+ 38. Kd1 Qf1+ 39. Kc2 Ne1+ 40.
Rxe1 Qc4+ 41. Kb1 Qf7 42. Qxf7+ Kxf7 43. Re7+ Kg6 44. Rxg7+ Kf6 45. Rxh7 Kg5 46. Rxb7 Rd8 47. Rb3 Rd1+ 48. Ka2 1-0

[Event "*** Titled Tuesday Blitz"]
[Site "Chess.com"]
[Date "2021.04.06"]
[Round "8"]
[White "klimkoj"]
[Black "Kiborg95"]
[Result "0-1"]
[WhiteElo "2614"]
[BlackElo "2808"]
[TimeControl "180+1"]
[EndTime "11:29:57 PDT"]
[Termination "Kiborg95 won by resignation"]

1. e4 d6 2. d4 Nf6 3. Nc3 Nbd7 4. Nf3 e5 5. Rg1 g6 6. g4 Bg7 7. g5 Nh5 8. Be3 O-O 9. Qd2 Nb6 10. O-O-O f5 11. dxe5 fxe4 12. Nd4 Bxe5 13. Nxe4 Qe7 14. Nf6+ Nxf6 15. gxf6 Qxf6 16. h4 Qxh4 17. Bg2 c6 18.
Rh1 Qf6 19. b3 Be6 20. f4 Bxd4 21.
Bxd4 Qxf4 22. Be3 Qe5 23. Bd4 Qf4 24. Be3 Qg3 25. Rdg1 Qe5 26. Bd4 Qf4 27. Be3 Qf7 28. Qxd6 Bd5 29. Bd4 Qf4+ 30. Qxf4 Rxf4 31. Be5 Rf5 32. Bd4 Rd8 33. Bxd5+ Rdxd5 34. Rg4 Nc8 35. c4 Rd7 36. Rgh4 Nd6 37. Bc3 Ne8 38. Re4 Ng7 39. Rhe1 h5 40. Re7 Rxe7 41. Rxe7 Rf7 42. Re4 Nf5 43. Re8+ Rf8 44. Re6 Kh7 45. b4 Rf7 46.
b5 cxb5 47. cxb5 g5 48. Re8 g4 49. Rh8+ Kg6 50. Rg8+ Ng7 51. Kd2 g3 52. Rd8 Nf5 53. Bd4 Nxd4 54. Rxd4 Kg5 55. Rd8 Kg4 0-1

[Event "*** Titled Tuesday Blitz"]
[Site "Chess.com"]
[Date "2021.04.06"]
[Round "8"]
[White "I_Enchev"]
[Black "AlexPapasimakopoulos"]
[Result "0-1"]
[WhiteElo "2505"]
[BlackElo "2632"]
[TimeControl "180+1"]
[EndTime "11:29:57 PDT"]
[Termination "AlexPapasimakopoulos won by checkmate"]

1. d4 f5 2. g3 Nf6 3. Bg2 g6 4. Nh3 Bg7 5. Nf4 Nc6 6. c4 e5 7. dxe5 Nxe5 8. b3 O-O 9. Bb2 d6 10. O-O Rb8 11. Nc3 Bd7 12. Qc2 g5 13. Nfd5 Nxd5 14. Nxd5 f4 15. Rad1 a5 16. Kh1 Bf5 17.
Be4 Bxe4+ 18. Qxe4 c6 19. Nc3 Qf6 20. gxf4 Qxf4 21. Qxf4 Rxf4 22. Rxd6 Ng4 23. f3 Re8 24. Rd2 Re6 25. Rg1 Ne3 26. Rxg5 Rg6 27. Rxg6 hxg6 28. Rd8+ Rf8 29. Rd7 Rf7 30. Rd6 Kh7 31. Na4 Bxb2 32.
Nxb2 Re7 33. Nd3 Nf5 34. Rf6 Rxe2 35. Kg1 Kg7 36. Rxg6+ Kf7 37. Rg5 Nh4 38. Rg3 Rxa2 39. Ne5+ Kf6 40. Rg4 Nf5 41. Nd3 Ne3 42. Rf4+ Kg5 43.
h4+ Kh6 44. Re4 Nc2 45. Re6+ Kh5 46. Re4 Na1 47. Ne5 Nxb3 48. Nd7 Nd2 49. Nf6+ Kg6 50. Rf4 a4 51. h5+ Kg5 52. Rg4+ Kxf6 53. h6 Nxf3+ 54. Kh1 Rh2# 0-1

[Event "*** Titled Tuesday Blitz"]
[Site "Chess.com"]
[Date "2021.04.06"]
[Round "8"]
[White "MaxLeto"]
[Black "Rafael_Ventura"]
[Result "1-0"]
[WhiteElo "2341"]
[BlackElo "2167"]
[TimeControl "180+1"]
[EndTime "11:29:58 PDT"]
[Termination "MaxLeto won by resignation"]

1. f3 Nf6 2. c3 g6 3. Qa4 Bg7 4. Qh4 d5 5. Kd1 c5 6. Qe1 Nc6 7. g4 h6 8. h4 d4 9. Nh3 Nd5 10. Kc2 h5 11. Rg1 Qd6 12. Na3 a6 13. Nc4 Qc7 14. e4 dxe3 15. Nxe3 Nxe3+ 16. dxe3 hxg4 17. fxg4 Ne5 18. Be2 Bd7 19. Bd2 O-O-O 20. Rd1 c4 21.
Kb1 Bc6 22. Ng5 Bf6 23. Bc1 Bxg5 24. hxg5 Be4+ 25. Ka1 Rxd1 26. Qxd1 Rh2 27. Qf1 b5 28. Bd1 Bd3 29. Qf4 Rh8 30. e4 Rh3 31. Be3 a5 32.
Bd4 Nc6 33. Qxf7 Nxd4 34. cxd4 Rh2 35. Qe8+ Kb7 36. Qxb5+ Qb6 37. Qd7+ Ka6 38. Qc8+ Ka7 39. Qd7+ Qb7 40. Qxb7+ Kxb7 41. e5 Rd2 42. Bf3+ Kb6 43. d5 a4 44. d6 exd6 45. exd6 Bc2 46. Rc1 Kc5 47. d7 Bb3 48. axb3 axb3 49. Rd1 Rxd1+ 50. Bxd1 Kb4 51. d8=Q c3 52. Qd4+ Kb5 53. Qxc3 1-0

[Event "*** Titled Tuesday Blitz"]
[Site "Chess.com"]
[Date "2021.04.06"]
[Round "8"]
[White "Ave_Mariia"]
[Black "Godzillator"]
[Result "1/2-1/2"]
[WhiteElo "2467"]
[BlackElo "2315"]
[TimeControl "180+1"]
[EndTime "11:30:00 PDT"]
[Termination "Game drawn by stalemate"]

1. d4 d5 2. c4 c6 3. Nf3 Nf6 4. Qc2 dxc4 5. Qxc4 Bf5 6. g3 e6 7. Bg2 Be7 8. O-O O-O 9. e3 Nbd7 10. Qe2 Ne4 11.
Nfd2 Ndf6 12. Nc3 Nxd2 13. Bxd2 Bg6 14. Rad1 Qc7 15. e4 e5 16. Be3 Rfd8 17. d5 cxd5 18. exd5 Qd7 19. Rd2 Bb4 20. Rfd1 Rac8 21. d6 Bxc3 22. bxc3 Bh5 23. Bf3 Bxf3 24. Qxf3 Rxc3 25. Qe2 b6 26. Bg5 Qe6 27. d7 h6 28. Rd6 Qc4 29.
Qxc4 Rxc4 30. Bxf6 gxf6 31. Rxf6 Rc7 32. Rfd6 Kf8 33. R6d5 f6 34. f4 exf4 35. gxf4 Ke7 36. Re1+ Kf7 37. Red1 Ke7 38. Rh5 Rcxd7 39. Re1+ Kf7 40.
Rxh6 Rd1 41. Kf1 Kg7 42. Rh3 R8d2 43. Rg3+ Kf7 44. h4 Rxe1+ 45. Kxe1 Rxa2 46. h5 Rh2 47.
Ra3 a5 48. Rb3 Rxh5 49. Rxb6 Rf5 50. Ra6 Kg6 51. Ke2 Kh5 52. Kf3 Kh4 53. Ke4 Kg4 54.
Ke3 Rxf4 55. Rxa5 Rf1 56. Ke2 Rf5 57. Rxf5 Kxf5 58. Kf3 Ke5 59. Ke3 Kf5 60. Kf3 Ke5 61. Ke3 f5 62. Kf3 f4 63. Kf2 Ke4 64. Ke2 f3+ 65.
Kf2 Kf4 66. Kf1 Kg4 67. Kf2 Kf4 68. Kf1 Kg3 69. Kg1 f2+ 70. Kf1 Kf3 1/2-1/2

[Event "*** Titled Tuesday Blitz"]
[Site "Chess.com"]
[Date "2021.04.06"]
[Round "8"]
[White "ybruned"]
[Black "ShahMatKanal"]
[Result "1-0"]
[WhiteElo "2351"]
[BlackElo "2442"]
[TimeControl "180+1"]
[EndTime "11:30:00 PDT"]
[Termination "ybruned won by resignation"]

1. b3 a5 2. Bb2 a4 3. a3 axb3 4. cxb3 b6 5. Nf3 Bb7 6. e3 Nf6 7. d4 g6 8. b4 Bg7 9. Be2 Nc6 10. O-O Ra7 11. Nc3 Qb8 12. Rc1 Ba8 13. Qc2 O-O 14. d5 Nd8 15. Nb5 Nxd5 16. Nxa7 Qxa7 17. Bxg7 Kxg7 18. Qb2+ Nf6 19. Nd2 Ne6 20. Bf3 h5 21.
Bxa8 Qxa8 22. Nf3 g5 23. Nd4 Nxd4 24. Qxd4 Qxa3 25. Rxc7 Rb8 26. Rxd7 Re8 27. Rb7 e5 28. Qxb6 Qd3 29. Qc6 Qf5 30. Qc7 Rf8 31. Rb5 Re8 32. Rb7 Ng4 33. h3 Nh6 34. b5 h4 35. Rb8 Re6 36.
Qd8 g4 37. Qh8+ Kg6 38. hxg4 Qxg4 39. Rg8+ Nxg8 40. Qxg8+ Kf5 41. Qxf7+ Rf6 42. Qd7+ Kg5 43. Qxg4+ Kxg4 44. Rb1 Rb6 45. Rb4+ Kg5 46. Kh2 e4 47. Rxe4 Rxb5 48. f3 Rb1 49. Rg4+ Kh5 50. e4 Re1 51. Rg8 Rf1 52. Rf8 Re1 53. Rf5+ Kg6 54. Kh3 Rh1+ 55. Kg4 Rh2 56. g3 h3 57. Rh5 Ra2 58. Rxh3 1-0

[Event "*** Titled Tuesday Blitz"]
[Site "Chess.com"]
[Date "2021.04.06"]
[Round "8"]
[White "Nachsueb"]
[Black "fabianvivasz"]
[Result "0-1"]
[WhiteElo "2192"]
[BlackElo "2395"]
[TimeControl "180+1"]
[EndTime "11:30:00 PDT"]
[Termination "fabianvivasz won by checkmate"]

1. d4 Nf6 2. c4 g6 3. Nc3 d5 4. Nf3 Bg7 5. Bf4 O-O 6. e3 c5 7.
dxc5 Qa5 8. Rc1 Ne4 9. Be5 Bxe5 10. Nxe5 Nxc3 11. Rxc3 Qxa2 12. Qc2 Bf5 13. Qd2 Rd8 14. Be2 Na6 15. O-O dxc4 16. Qc1 Qa5 17. Bxc4 e6 18. Bxa6 Qxa6 19. c6 bxc6 20. Nxc6 Rd7 21. Nd4 Rad8 22. Rc7 Bd3 23. Re1 e5 24. Nf3 Qf6 25. Rxd7 Rxd7 26. Qc8+ Rd8 27. Qc5 Be4 28. Nxe5 Rd5 29. Qc8+ Kg7 30.
Nd7 Qd6 31. Nb8 Rd1 32. Qc3+ f6 33. f3 Rxe1+ 34. Qxe1 Bb7 35. e4 Qxb8 36. Qc3 Qd6 37.
Kf1 Ba6+ 38. Kf2 Qb6+ 39. Kg3 h5 40. f4 Bb7 41. Kf3 Qe6 42. Qd4 Qf7 43. b4 Qc7 44. Ke3 Qc6 45. g3 Qb6 46. Kd3 Qxd4+ 47. Kxd4 Kf7 48. e5 f5 49. Kc5 Ke6 50. b5 g5 51.
h3 gxf4 52. gxf4 h4 53. Kb4 Bg2 54. Ka5 Bxh3 55. Ka6 Bf1 56. Kxa7 Bxb5 57. Kb6 Bd3 58. Kc5 h3 59. Kd4 Be4 60. Ke3 h2 61. Kf2 h1=Q 62. Kg3 Qf3+ 63. Kh4 Qg4# 0-1

[Event "*** Titled Tuesday Blitz"]
[Site "Chess.com"]
[Date "2021.04.06"]
[Round "8"]
[White "KetiGrant"]
[Black "Tpros"]
[Result "0-1"]
[WhiteElo "2354"]
[BlackElo "2512"]
[TimeControl "180+1"]
[EndTime "11:30:01 PDT"]
[Termination "Tpros won on time"]

1. e4 c5 2. Nf3 a6 3. c4 d6 4. d4 cxd4 5. Nxd4 g6 6. Nc3 Bg7 7. Be3 Nf6 8. Be2 Bd7 9. O-O Nc6 10. Rc1 O-O 11. f3 Re8 12. Qd2 Nxd4 13. Bxd4 Bc6 14. Kh1 Qa5 15. a4 Rac8 16. Rfd1 h5 17. Rb1 Qb4 18.
b3 Nd7 19. Bxg7 Kxg7 20. Qd4+ f6 21. f4 a5 22. Bf3 Qc5 23. Qd3 Qb6 24. Qe2 Nc5 25.
Nd5 Bxd5 26. exd5 e5 27. dxe6 Rxe6 28. Qc2 f5 29. Qc3+ Kh6 30. Bd5 Ne4 31. Qd4 Qxd4 32. Rxd4 Re7 33. Kg1 Nc5 34. Bf3 Rd8 35. b4 axb4 36.
Rxb4 Rdd7 37. a5 h4 38. Rb6 Re6 39. Kf2 Rde7 40. Rbxd6 Ne4+ 41. Bxe4 Rxe4 42. Rxe4 Rxe4 43. Rb6 Rxf4+ 44. Ke3 Rxc4 45. Rxb7 Ra4 46. Ra7 Kg5 47. a6 Ra2 48. Kf3 Ra3+ 49. Kf2 Ra2+ 50. Kf3 Ra3+ 51. Kf2 Kf4 52. Ra8 g5 53. a7 Ra2+ 54.
Kg1 Kg4 0-1

[Event "*** Titled Tuesday Blitz"]
[Site "Chess.com"]
[Date "2021.04.06"]
[Round "8"]
[White "PavelShkapenko"]
[Black "eldur16"]
[Result "0-1"]
[WhiteElo "2713"]
[BlackElo "2594"]
[TimeControl "180+1"]
[EndTime "11:30:04 PDT"]
[Termination "eldur16 won by resignation"]

1. e4 Nf6 2. e5 Nd5 3. c4 Nb6 4. c5 Nd5 5. Bc4 e6 6. d4 b6 7.
cxb6 axb6 8. Ne2 Bb7 9. O-O Be7 10. Nbc3 Nxc3 11. bxc3 O-O 12. Ng3 d6 13. f4 Nd7 14.
Qg4 Kh8 15. Be3 c5 16. f5 dxe5 17. fxe6 Nf6 18. Qh3 cxd4 19. cxd4 exd4 20. Rad1 fxe6 21. Bxd4 Qc7 22. Bd3 Bc5 23. Bxc5 Qxc5+ 24. Kh1 h6 25. Qxe6 Qd5 26. Qxd5 Bxd5 27. Rb1 Rxa2 28. Be4 Re8 29. Bxd5 Nxd5 30. Rb5 Ra5 31. Rb3 b5 32. h3 b4 33. Rf5 Ra3 34. Rb2 Rxg3 35. Rxd5 Rb8 36. Rd4 b3 37. Kh2 Rc3 38. Rdd2 Kh7 39. Kg1 Rbc8 40.
Kf2 Rc2 41. Ke2 Rxb2 42. Rxb2 Rc3 43. Kd2 Rg3 44. Kc1 Kg6 45. Rf2 Kg5 46. Kb2 Rd3 47.
Re2 g6 48. Re4 h5 49. Re2 Kf4 50. Re6 g5 51. Rg6 g4 52. hxg4 hxg4 53. Kc1 Kg3 54.
Rg5 Rd4 55. Kb2 Kxg2 56. Kc3 Rf4 57. Kxb3 g3 58. Kc3 Kf2 59. Kd3 g2 0-1

[Event "*** Titled Tuesday Blitz"]
[Site "Chess.com"]
[Date "2021.04.06"]
[Round "8"]
[White "Bodnar_Mykola"]
[Black "Kostya_Nikologorskiy"]
[Result "0-1"]
[WhiteElo "2514"]
[BlackElo "2689"]
[TimeControl "180+1"]
[EndTime "11:30:04 PDT"]
[Termination "Kostya_Nikologorskiy won by resignation"]

1. d4 d5 2. c4 dxc4 3. Nf3 c5 4.
d5 Nf6 5. Nc3 e6 6. e4 exd5 7.
e5 d4 8. Bxc4 Ng4 9. h3 Nc6 10. hxg4 dxc3 11. Qb3 Qc7 12. Qxc3 Bxg4 13. Bf4 O-O-O 14. Ng5 Rd7 15. e6 Rd1+ 16. Rxd1 Qxf4 17.
Nxf7 Qe4+ 18. Qe3 Qxc4 19. e7 Bxe7 20. Qxe7 Nxe7 21. Nd6+ Kc7 22. Nxc4 Bxd1 23. Kxd1 h6 24.
Re1 Rd8+ 25. Kc2 Nc6 26. Kc3 a5 27. Re6 b5 28. Ne3 Nb4 29. Re7+ Kb6 30. Re6+ Nc6 31. b3 b4+ 32. Kc2 a4 33. Rg6 a3 34. Nc4+ Kb5 35.
Nd6+ Kb6 36. Nc4+ Kc7 37. Rxg7+ Rd7 38. Rxd7+ Kxd7 39. Kd3 Ke6 40. g4 Nd4 41. Ne3 Ke5 42. Kc4 Ke4 43. Kxc5 Nxb3+ 44. axb3 Kd3 45. Nc4 a2 46.
Kxb4 a1=Q 47. f4 Qc3+ 48. Ka4 Kd4 49. f5 Qa1+ 50. Kb5 Qb1 51. Na5 Qd3+ 52. Kb4 Qf3 53. Nc6+ Qxc6 0-1

[Event "*** Titled Tuesday Blitz"]
[Site "Chess.com"]
[Date "2021.04.06"]
[Round "8"]
[White "Boorchess"]
[Black "Mazanchenko_Dmitry"]
[Result "0-1"]
[WhiteElo "2527"]
[BlackElo "2243"]
[TimeControl "180+1"]
[EndTime "11:30:05 PDT"]
[Termination "Mazanchenko_Dmitry won on time"]

1. Nf3 g6 2. d4 Bg7 3. Bf4 d6 4. e3 Nd7 5. h3 h6 6. Bh2 c6 7. c4 e5 8. Nc3 Ne7 9. g4 O-O 10.
Rg1 Kh8 11. Qb3 f5 12. g5 f4 13. gxh6 Bxh6 14. e4 exd4 15. Nxd4 Ne5 16. O-O-O Qb6 17. Kb1 Qxb3 18. axb3 Kh7 19. Bg2 g5 20. f3 Bg7 21.
Nde2 Rf6 22. Rh1 N7g6 23. h4 Nxh4 24. Bxf4 Kg6 25. Bxe5 dxe5 26. Rhg1 Nxg2 27. Rxg2 Rxf3 28. Rd8 Rf8 29. Rd6+ Rf6 30. Rd8 Rf8 31. Rd6+ Bf6 32. Ng3 Bh3 33. Rh2 g4 34. Rf2 Rad8 35. Rfxf6+ Rxf6 36. Rxd8 Rf3 37. Nf5 Kg5 38. Rg8+ Kf4 39. Ne2+ Kxe4 40.
Nfg3+ Ke3 41. Re8 e4 42. Rxe4+ Kf2 43. Kc2 Re3 44. Rxe3 Kxe3 45. Kd1 Kf2 46. Kd2 Bg2 47. b4 Bf3 48. c5 a6 49. Nf5 Bxe2 50. b3 Bf3 51. Ne3 g3 52. b5 axb5 0-1

[Event "*** Titled Tuesday Blitz"]
[Site "Chess.com"]
[Date "2021.04.06"]
[Round "8"]
[White "ellennilssen"]
[Black "mary-sanna"]
[Result "0-1"]
[WhiteElo "2224"]
[BlackElo "2119"]
[TimeControl "180+1"]
[EndTime "11:30:06 PDT"]
[Termination "mary-sanna won on time"]

1. Nf3 d5 2. b3 Nf6 3. Bb2 Bf5 4. e3 e6 5. c4 c6 6. Nc3 h6 7. Be2 Bd6 8. d3 O-O 9. Qc2 Bg6 10. O-O Nbd7 11. Rad1 Qc7 12. h3 Ne5 13. Nxe5 Bxe5 14. cxd5 exd5 15. Rc1 Qe7 16. Nb1 Bd6 17. Nd2 Rfe8 18.
Nf3 Nd7 19. Bc3 Ne5 20. Nxe5 Bxe5 21. Qb2 Qf6 22. Bxe5 Qxe5 23. Qxe5 Rxe5 24. Rc5 Rae8 25. b4 d4 26. e4 f5 27. f3 Rxc5 28. bxc5 fxe4 29.
fxe4 Bf7 30. a3 Re5 31. Rc1 Kf8 32. Bg4 Be6 33. Bf3 Bc8 34. Rc4 Ke7 35. Kf2 g5 36. Kg3 Kf6 37. h4 gxh4+ 38. Kxh4 Rg5 39. Rxd4 Rxc5 40. Rd8 Be6 41. d4 Rc3 42. d5 cxd5 43. exd5 Bf7 44. d6 Rxa3 45. d7 Ke7 46. Rf8 Rd3 47.
Ra8 Rxd7 48. Rxa7 b6 49. Ra8 b5 50. Rb8 Bc4 51. Bc6 Rd4+ 52. Kg3 Rd3+ 53. Kh2 Rd2 54. Bxb5 Bd5 0-1